 Dungeon Crawl Stone Soup version 0.30-a0-49-g1cef19eb02 (webtiles) character file.

Game seed: 10717157899679340599

273 spaghetti the Ruffian (level 6, -4/49 HPs)
             Began as a Vine Stalker Berserker on Aug 29, 2022.
             Was a Believer of Trog.
             Slain by a kobold brigand
             ... wielding a +0 club
              (5 damage)
             ... in a sewer on Sept 3, 2022.
             The game lasted 00:04:48 (3694 turns).

spaghetti the Ruffian (Vine Stalker Berserker)      Turns: 3694, Time: 00:04:49

Health: -4/49      AC:  2    Str: 22    XL:     6   Next: 24%
Magic:  0/7        EV: 12    Int:  7    God:    Trog [**....]
Gold:   205        SH:  0    Dex: 13    Spells: 5/5 levels left

rFire   . . .      SeeInvis .      - Unarmed
rCold   . . .      Faith    .    (no shield)
rNeg    . . .      Spirit   +    a - +0 animal skin
rPois   .          Reflect  .    (no helmet)
rElec   .          Harm     .    (no cloak)
rCorr   .          Rampage  .    (no gloves)
Will    .....                    (no boots)
Stlth   ..........               (no amulet)
HPRegen 0.96/turn                (no ring)
MPRegen 0.10/turn                (no ring)

@: berserking, slow
A: fangs 2, regeneration 1, magic shield, antimagic bite, no potion heal 2
a: Renounce Religion, Berserk, Trog's Hand


You were in a sewer.
You worshipped Trog.
Trog was pleased with you.
You visited 1 branch of the dungeon, and saw 3 of its levels.
You also visited: Sewer.

You collected 205 gold pieces.


Innate Abilities, Weirdness & Mutations

You have extremely sharp teeth.
Your natural rate of healing is unusually fast.
When hurt, damage is shared between your health and your magic reserves.
Your bite disrupts and absorbs the magic of your enemies.
Potions cannot restore your health.


   Skills:
 + Level 4.1 Fighting
 + Level 3.3 Armour
 - Level 1.5 Dodging
 + Level 4.5 Unarmed Combat


You had 5 spell levels left.
You didn't know any spells.
Your spell library was empty.

Inventory:

Missiles
 f - 19 poisoned darts (quivered) {throwing}
 h - 23 stones {throwing}
Armour
 a - a +0 animal skin (worn)
Magical Staves
 l - a staff of death {forbidden!astaff}
   (You found it on level 2 of the Dungeon)
Jewellery
 i - a ring of fire
   (You found it on level 1 of the Dungeon)
Scrolls
 b - a scroll of silence {unknown}
 e - a scroll of poison {unknown}
 g - 2 scrolls of identify {unknown}
 j - a scroll of noise {unknown}
 k - 3 scrolls of teleportation {unknown}
 n - a scroll of enchant weapon {unknown}
 o - a scroll of immolation {unknown}
 q - a scroll of summoning {unknown}
 s - a scroll of enchant armour {unknown}
Potions
 c - a potion of flight {unknown}
 d - a potion of ambrosia {unknown}
 m - a potion of brilliance {unknown}
 p - 3 potions of curing {unknown}
 r - a potion of attraction {unknown}
 t - a potion of haste {unknown}

Dungeon Overview and Level Annotations

Branches:
Dungeon (3/15) Zot: 14938   Sewer (1/1) Zot: 5226

Altars:

#~~.##
##~~.#
#.~~#
#.~~#
#~~.#
#~~.#
#~.~#
##.~.##
~~.~.
#~~.~~#
#~###~#
#.# #~#
#~###.##
~~~#~@~#
~#~#K#K#
#~ ~#~
~# #~
~#~ ~#
#. .# ##
##


You could see 2 kobold brigands.


Message History

The endoplasm closely misses you. The worm bites you! 😕 HP[-5] MP[-1]
You take 5 damage, and now have 25/33 hp.
You lost 1 mp, and now have 5/7 mp.
Your unstable footing causes you to fumble your attack.
The endoplasm hits you. 😮 HP[-2]
You take 2 damage, and now have 23/33 hp.
Your unstable footing causes you to fumble your attack.
The worm bites you!
The endoplasm closely misses you. 😮 HP[-5] MP[-2]
You take 5 damage, and now have 18/33 hp.
You lost 2 mp, and now have 3/7 mp.
You hit the worm. Your bite misses the worm.
The endoplasm completely misses you.
You hit the worm.
You kill the worm!
Trog accepts your kill. The endoplasm freezes you.
You are frozen. 😮 MP[-1]
You lost 1 mp, and now have 2/7 mp.
You barely miss the endoplasm. You punch the endoplasm.
You kill the endoplasm!
Trog accepts your kill. 😮 HP[+1] 😮 HP[+1]
You enter the shallow water.
Moving in this stuff is going to be slow.
You enter the shallow water.
Moving in this stuff is going to be slow.
Key pressed, stopping explore.
You enter the shallow water.
Moving in this stuff is going to be slow.
You enter the shallow water.
Moving in this stuff is going to be slow.
You enter the shallow water.
Moving in this stuff is going to be slow.
You enter the shallow water.
Moving in this stuff is going to be slow. 2 kobold brigands come into view.
A kobold brigand is wielding a +0 short sword and quivering poisoned darts.
A kobold brigand is wielding a +0 club and quivering poisoned darts.
The kobold brigand shouts! x2 😎 HP[+13] MP[+5]
Your hp is fully restored (33).
Your mp is fully restored (7).
There are monsters nearby!
You enter the shallow water.
Moving in this stuff is going to be slow.
The kobold brigand hits you with a +0 short sword!
The kobold brigand splashes around in the water.
You are too injured to fight recklessly!
You are too injured to fight recklessly! 😕 HP[-7] MP[-1]
You take 7 damage, and now have 26/33 hp.
MASSIVE DAMAGE!! (PAUSE)
You lost 1 mp, and now have 6/7 mp.
You hit the kobold brigand but do no damage.
You bite the kobold brigand. You drain its power.
You feel invigorated.
The kobold brigand hits you with a +0 short sword!
The kobold brigand hits you with a +0 club. 😮 HP[-9]
You take 9 damage, and now have 17/33 hp.
MASSIVE DAMAGE!! (PAUSE)
You hit the kobold brigand. Your bite misses the kobold brigand.
The kobold brigand closely misses you.
The kobold brigand barely misses you. 😮 HP[+1]
Your unstable footing causes you to fumble your attack.
The kobold brigand completely misses you.
The kobold brigand closely misses you. 😮 HP[+1]
Your unstable footing causes you to fumble your attack.
The kobold brigand barely misses you. The kobold brigand closely misses you.
You hit the kobold brigand.
The kobold brigand splashes around in the water.
The kobold brigand hits you but does no damage. 😮 HP[+1]
You barely miss the kobold brigand.
The kobold brigand hits you with a +0 short sword!
* * * LOW HITPOINT WARNING * * *
The kobold brigand hits you with a +0 club.
* * * LOW HITPOINT WARNING * * *
😨 HP[-10] MP[-3]
You take 10 damage, and now have 10/33 hp.
MASSIVE DAMAGE!! (PAUSE)
You lost 3 mp, and now have 3/7 mp.
A red film seems to cover your vision as you go berserk!
You feel yourself moving faster!
You feel mighty!
The kobold brigand hits you with a +0 short sword!
* * * LOW HITPOINT WARNING * * *
The kobold brigand hits you with a +0 club.
* * * LOW HITPOINT WARNING * * *
😱 HP[-4] MP[-2]
You now have 49 max hp (+16).
You lost 2 mp, and now have 1/7 mp.
Your unstable footing causes you to fumble your attack. 😱 HP[+1]
You closely miss the kobold brigand.
The kobold brigand hits you with a +0 short sword!
* * * LOW HITPOINT WARNING * * *
The kobold brigand hits you with a +0 club.
You die...

Skill      XL: |  1  2  3  4  5 |
---------------+----------------+-----
Fighting       | 3 4 |  4.1
Armour         | 2 3 |  3.3
Unarmed Combat | 4 |  4.5
Dodging        | |  1.5

Action                   |  1- 3 |  4- 6 || total
-------------------------+-------+-------++-------
Melee: Unarmed           |   112 |   120 ||   232
       Bite              |    24 |    17 ||    41
       Punch             |     4 |     3 ||     7
Invok: Berserk           |     1 |     4 ||     5
 Stab: Sleeping          |     4 |       ||     4
Armor: Animal skin       |    23 |    19 ||    42
Dodge: Dodged            |    79 |    68 ||   147

Levels and vault maps discovered:
D:1:      psy_arrival_radial01, layout_loops_ring,
          hellmonk_ecumenical_altar_inner_sanctum
D:2:      layout_loops_corners
D:3:      minmay_inner_zag, layout_loops_ring, portal_sewer_entry_f,
          amcnicky_mini_corridor_feature
Sewer:    sewer_co_tree

Notes
Turn   | Place    | Note
-------+----------+-------------------------------------------
     0 | D:1      | spaghetti the Vine Stalker Berserker began the quest for
                  | the Orb.
     0 | D:1      | Reached XP level 1. HP: 11/11 MP: 2/2
     0 | D:1      | magus.rc [v1.9.6]
   379 | D:1      | Reached XP level 2. HP: 13/16 MP: 3/3
  1040 | D:1      | Reached skill level 3 in Fighting
  1067 | D:1      | Found a faded altar of an unknown god.
  1120 | D:2      | Reached skill level 2 in Armour
  1535 | D:2      | Reached XP level 3. HP: 18/20 MP: 4/4
  2549 | D:3      | Gained mutation: Your natural rate of healing is unusually
                  | fast. [Vine Stalker growth]
  2549 | D:3      | Reached XP level 4. HP: 17/24 MP: 5/5
  2593 | D:3      | Reached ** piety under Trog
  3029 | D:3      | Found a glowing drain.
  3054 | Sewer    | Entered a sewer
  3210 | Sewer    | Noticed a kobold brigand
  3220 | Sewer    | Killed a kobold brigand
  3221 | Sewer    | Reached skill level 3 in Armour
  3221 | Sewer    | Reached skill level 4 in Unarmed Combat
  3221 | Sewer    | Reached XP level 5. HP: 29/29 MP: 4/6
  3309 | Sewer    | Upgraded the game from 0.30-a0-40-gc6d0f036a7 to
                  | 0.30-a0-46-g5a63ccc183
  3309 | Sewer    | magus.rc [v1.9.6]
  3309 | Sewer    | Upgraded the game from 0.30-a0-46-g5a63ccc183 to
                  | 0.30-a0-49-g1cef19eb02
  3309 | Sewer    | magus.rc [v1.9.6]
  3462 | Sewer    | Reached skill level 4 in Fighting
  3487 | Sewer    | Noticed a kobold brigand
  3502 | Sewer    | Killed a kobold brigand
  3503 | Sewer    | Reached XP level 6. HP: 14/33 MP: 3/7
  3692 | Sewer    | HP: 10/49 [kobold brigand/+0 short sword (6)]
  3694 | Sewer    | HP: 1/49 [kobold brigand/+0 short sword (6)]
  3694 | Sewer    | Slain by a kobold brigand

Vanquished Creatures
  2 kobold brigands (Sewer)
  An iguana (D:3)
  3 adders
  A river rat (Sewer)
  3 worms
  A dart slug (D:2)
  13 endoplasms
  6 giant cockroaches
  6 goblins
  3 hobgoblins
  A quokka (D:1)
  11 ball pythons
  3 bats
  2 frilled lizards (D:2)
  4 kobolds
  7 rats
67 creatures vanquished.

Table legend:
 A = Non-vault XP
 B = Vault XP
 C = Vault XP percentage of total XP
 D = Non-vault monster count
 E = Vault monster count
 F = Vault count percentage of total count
                 A         B        C        D         E       F
            +---------+---------+-------+---------+---------+-------
      Total |     116 |     275 |  70.3 |      40 |      27 |  40.3
            +---------+---------+-------+---------+---------+-------
        D:1 |      23 |       0 |   0.0 |      14 |       0 |   0.0
        D:2 |      33 |       0 |   0.0 |      17 |       0 |   0.0
        D:3 |      60 |      23 |  27.7 |       9 |       6 |  40.0
      Sewer |       0 |     252 | 100.0 |       0 |      21 | 100.0
            +---------+---------+-------+---------+---------+-------

Illustrated notes

Table legend:
 A = Kills in this place as a percentage of kills in entire the game.
 B = Kills by you in this place as a percentage of kills by you in the entire game.
 C = Kills by friends in this place as a percentage of kills by friends in the entire game.
 D = Other kills in this place as a percentage of other kills in the entire game.
 E = Experience gained in this place as a percentage of experience gained in the entire game.
 F = Experience gained in this place divided by the number of levels of this place that you have seen.
                   A       B       C       D       E      F
               +-------+-------+-------+-------+-------+----------------------
         Total | 100.0 | 100.0 |   N/A |   N/A | 100.0 |  97.8
       Dungeon |  68.7 |  68.7 |   N/A |   N/A |  35.5 |  46.3
         Sewer |  31.3 |  31.3 |   N/A |   N/A |  64.5 | 252.0
               +-------+-------+-------+-------+-------+----------------------

Table legend: (Time is in decaauts)
 A = Elapsed time spent in this place.
 B = Non-inter-level travel time spent in this place.
 C = Inter-level travel time spent in this place.
 D = Time resting spent in this place.
 E = Time spent auto-exploring this place.
 F = Levels seen in this place.
 G = Mean time per level.
                   A        B        C        D        E       F      G
               +--------+--------+--------+--------+--------+-----+--------+
         Total |   3834 |   3805 |     29 |      4 |   3284 |   4 |  958.5 |
       Dungeon |   3061 |   3032 |     29 |      3 |   2696 |   3 | 1020.3 |
         Sewer |    773 |    773 |      0 |      1 |    587 |   1 |  773.0 |
               +--------+--------+--------+--------+--------+-----+--------+

Top non-repeatable levels by time:
     D:2: 1206 daAuts
     D:1: 1100 daAuts
   Sewer: 773 daAuts
     D:3: 754 daAuts
